 Dungeon Crawl Stone Soup version 0.28-a0-1613-gdaab1c2f9b (console) character file.

Game seed: 7415660100900872372

254 Banquo the Magician (level 6, -2/47 HPs)
             Began as a Djinni Cinder Acolyte on Jan 21, 2022.
             Was a High Priest of Ignis.
             Slain by a kobold brigand (6 damage)
             ... in a sewer.
             The game lasted 00:10:28 (3519 turns).

Banquo the Magician (Djinni Cinder Acolyte)         Turns: 3519, Time: 00:10:30

Health: -2/47      AC:  5    Str: 13    XL:     6   Next: 37%
Gold:   104        EV: 12    Int: 18    God:    Ignis [*****.] SH:  0 Dex:  8

rFire   + + +      SeeInvis .   a - -1 short sword (flame)
rCold   x . .      Faith    .   (no shield)
rNeg    . . .      Spirit   .   b - +0 robe
rPois   ∞          Reflect  .   h - +2 helmet
rElec   .          Harm     .   (no cloak)
rCorr   .          Rampage  .   (no gloves)
Will    .....                   (boots unavailable)
Stlth   +.........              (no amulet)
HPRegen 0.15/turn               e - ring of wizardry
MPRegen 0.00/turn               (no ring)

@: flying
A: sickness immunity, fire resistance 2, cold vulnerability 1, float, innate
caster, hp casting, extra vitality 1
a: Renounce Religion, Fiery Armour, Foxfire Swarm, Rising Flame


You were in a sewer.
You worshipped Ignis.
Ignis was extremely pleased with you.
You visited 1 branch of the dungeon, and saw 3 of its levels.
You also visited: Sewer.

You collected 104 gold pieces.

Inventory:

Hand Weapons
 a - a -1 short sword of flaming (weapon)
 f - a +0 dagger
 m - a +0 war axe
 o - a +0 short sword
 p - a +0 hand crossbow
 r - a +1 dagger of speed
Missiles
 c - 96 stones
 d - 28 sling bullets
 g - 12 poisoned darts
 n - 3 boomerangs
 q - 19 bolts
Armour
 b - a +0 robe (worn)
 h - a +2 helmet (worn)
Jewellery
 e - a ring of wizardry (left hand)
 i - a ring of positive energy
Scrolls
 j - 2 scrolls of fog {unknown}
Potions
 k - a potion of flight {unknown}
 l - a potion of heal wounds {unknown}


   Skills:
 * Level 3.9 Fighting
 * Level 3.5 Short Blades
 * Level 2.0 Dodging
 + Level 4.0 Spellcasting


You had 8 spell levels left.
You knew the following spells:

 Your Spells              Type           Power      Damage    Failure   Level
a - Scorch                Fire           36%        2d6       1%          2
b - Sting                 Tmut/Pois      72%        1d6       1%          1
c - Passwall              Tmut/Erth      15%        N/A       1%          2
Your spell library was empty.

Dungeon Overview and Level Annotations

Branches:
Dungeon (3/15)              Sewer (1/1)

Altars:


Innate Abilities, Weirdness & Mutations

You are immune to sickness and miasma.
You are immune to poison.
Your flesh is very heat resistant. (rF++)
You are vulnerable to cold. (rC-)
You float through the air rather than walking.
You learn spells naturally, not from books.
Your magical power is your life essence.
You have superior vitality. (+4 MHP)


Message History

Flames lash the ufetubus.
The ufetubus is burned terribly!
You kill the ufetubus!
You feel your dexterity returning.
Casting: Scorch (safe; 1% risk of failure)
Press: ? - help, Q - select action, (/) - cycle Dir - look around, f - activate Flames lash the kobold.
You kill the kobold!
The kobold brigand shoots a bolt.
The bolt hits you!
There is an open door here.
You see here a kobold skeleton.
You start resting.
A kobold brigand is nearby!
Casting: Scorch (safe; 1% risk of failure)
Press: ? - help, Q - select action, (/) - cycle Dir - look around, f - activate Flames lash the kobold brigand.
The kobold brigand is moderately wounded.
The kobold brigand's fire resistance burns away.
The kobold brigand shoots a bolt.
The bolt hits you!
* * * LOW HITPOINT WARNING * * *
Casting: Scorch (safe; 1% risk of failure)
Press: ? - help, Q - select action, (/) - cycle Dir - look around, f - activate Flames lash the kobold brigand.
The kobold brigand is burned terribly!
The kobold brigand is heavily wounded.
* * * LOW HITPOINT WARNING * * *
Casting: Scorch (safe; 1% risk of failure)
Press: ? - help, Q - select action, (/) - cycle Dir - look around, f - activate Flames lash the kobold brigand.
The kobold brigand is burned terribly!
The kobold brigand is severely wounded.
* * * LOW HITPOINT WARNING * * *
The kobold brigand unwields a +0 hand crossbow.
The kobold brigand wields a +0 mace.
The kobold brigand hits you with a +0 mace.
* * * LOW HITPOINT WARNING * * *
Casting: Scorch (safe; 1% risk of failure)
Press: ? - help, Q - select action, (/) - cycle Dir - look around, f - activate Flames lash the kobold brigand.
The kobold brigand is burned terribly!
The kobold brigand is almost dead.
* * * LOW HITPOINT WARNING * * *
The kobold brigand hits you with a +0 mace.
You die...

########.....##
≈≈≈K≈≈#..§.§..#
......'.......+
......'.§._.§.+
....).'.......+
≈≈≈≈≈≈#...§...# #####
###.).###
#############K#########
#≈≈≈#≈≈≈≈≈≈#@..#≈≈≈≈≈≈#
#≈≈≈...≈≈≈.).....≈≈≈≈≈#
#≈≈≈#......#..)#......#
#≈≈≈#'#######≈#######'#
#≈≈≈#......#≈≈≈#......#
#≈..#≈.≈≈..#≈≈≈#...≈≈≈#
#≈≈≈#≈≈≈≈≈...≈....≈≈≈≈#
#≈≈≈#≈≈≈≈≈≈#...#≈≈≈≈≈≈#
#≈≈≈#≈≈≈≈≈≈≈...#≈≈≈≈≈≈#


You could see a kobold brigand (combustible).

Vanquished Creatures
  A quasit (Sewer)
  A hound (D:3)
  An orc priest (D:3)
  An orc wizard (D:3)
  3 adders (D:2)
  3 ufetubi (Sewer)
  A worm (D:2)
  8 orcs (D:3)
  A bat (Sewer)
  7 endoplasms
  11 giant cockroaches
  5 goblins
  4 hobgoblins
  5 quokkas
  4 ball pythons
  3 frilled lizards
  14 kobolds
  2 kobold zombies (Sewer)
  9 rats
84 creatures vanquished.

Vanquished Creatures (others)
  An endoplasm (Sewer)
1 creature vanquished.

Grand Total: 85 creatures vanquished

Notes
Turn   | Place    | Note
-------+----------+-------------------------------------------
     0 | D:1      | Banquo the Djinni Cinder Acolyte began the quest for the
                  | Orb.
     0 | D:1      | Reached XP level 1. HP: 20/20 MP: 0/0
   229 | D:1      | Reached XP level 2. HP: 23/25 MP: 0/0
   936 | D:1      | Reached XP level 3. HP: 28/30 MP: 0/0
   936 | D:1      | Learned a level 1 spell: Sting
  1258 | D:2      | Reached skill level 1 in Dodging
  1479 | D:2      | Reached XP level 4. HP: 31/35 MP: 0/0
  1872 | D:2      | Reached skill level 3 in Spellcasting
  2330 | D:3      | Reached XP level 5. HP: 33/40 MP: 0/0
  2330 | D:3      | Learned a level 2 spell: Passwall
  2703 | D:3      | Found a glowing drain.
  2986 | Sewer    | Entered a sewer
  3004 | Sewer    | Reached XP level 6. HP: 41/47 MP: 0/0
  3294 | Sewer    | Found a burning altar of Makhleb.
  3306 | Sewer    | Reached skill level 4 in Spellcasting
  3519 | Sewer    | Slain by a kobold brigand

Illustrated notes

Levels and vault maps discovered:
D:1:      onia_arrival_handbag, layout_loops_ring, minmay_misc_feat_alley,
          st_stairs_8, corner_web_ring
D:2:      layout_loops_ring
D:3:      layout_basic, gup_sewer_entry_pipe, uniq_sigmund, uniq_grinder,
          uniq_robin
Sewer:    kennysheep_sewer_church

Skill      XL: |  1  2  3  4  5  6 |
---------------+-------------------+-----
Short Blades   | 3 |  3.5
Dodging        | 1 2 |  2.0
Spellcasting   | 3 4 |  4.0
Fighting       | |  3.9

Action                   |  1- 3 |  4- 6 || total
-------------------------+-------+-------++-------
Melee: Short sword       |    15 |       ||    15
 Cast: Scorch            |    30 |    82 ||   112
  Use: Scroll            |     3 |       ||     3
       Potion            |     1 |       ||     1
 Stab: Distracted        |     1 |       ||     1
Armor: Robe              |     1 |    13 ||    14
Dodge: Dodged            |     5 |    21 ||    26

Table legend: (Time is in decaauts)
 A = Elapsed time spent in this place.
 B = Non-inter-level travel time spent in this place.
 C = Inter-level travel time spent in this place.
 D = Time resting spent in this place.
 E = Time spent auto-exploring this place.
 F = Levels seen in this place.
 G = Mean time per level.
                   A        B        C        D        E       F      G
               +--------+--------+--------+--------+--------+-----+--------+
         Total |   3518 |   3399 |    119 |    630 |   2026 |   4 |  879.5 |
       Dungeon |   2985 |   2866 |    119 |    365 |   1946 |   3 |  995.0 |
         Sewer |    532 |    532 |      0 |    265 |     80 |   1 |  532.0 |
               +--------+--------+--------+--------+--------+-----+--------+

Top non-repeatable levels by time:
     D:1: 1250 daAuts
     D:2: 1040 daAuts
     D:3: 694 daAuts
   Sewer: 532 daAuts
